 Dungeon Crawl Stone Soup version 0.30-b1-2-g02819fbbbe (webtiles) character file.

Game seed: 11435483571096671157

40 Alarkh the Sneak (level 3, 0/29 HPs)
             Began as a Demonspawn Delver on May 22, 2023.
             Slain by a ball python (1 damage)
             ... in a sewer.
             The game lasted 00:02:10 (507 turns).

Alarkh the Sneak (Demonspawn Delver)                 Turns: 507, Time: 00:02:10

Health: 0/29       AC:  3    Str: 12    XL:     3   Next: 30%
Magic:  3/3        EV:  8    Int: 13    God:
Gold:   13         SH:  0    Dex: 14    Spells: 2/2 levels left

rFire   . .          .
                       - Unarmed
rCold   . . .        (no shield)
rNeg    . . .        a - +0 leather armour
rPois   .            (helmet restricted)
rElec   .            (no cloak)
rCorr   .            (no gloves)
SInv    .            (no boots)
Will    .....        (no amulet)
Stlth   ++           (no ring)
HPRegen 0.24/turn    (no ring)
MPRegen 0.08/turn

%: no passive effects
@: mighty, lethally poisoned (0 -> -4), flying (expiring), constricted
A: antennae 1, powered by pain 1
a: no special abilities


You were in a sewer.
You visited 1 branch of the dungeon, and saw 2 of its levels.
You also visited: Sewer.

You collected 13 gold pieces.

Inventory:

Armour
 a - a +0 leather armour (worn)
Wands
 f - a wand of digging (3)
Scrolls
 b - a scroll of fog
 c - a scroll of teleportation {unknown}
 d - a scroll of fear


   Skills:
 - Level 3.0 Fighting
 - Level 1.7 Dodging
 - Level 4.5 Stealth
 + Level 3.4 Unarmed Combat


You had 2 spell levels left.
You didn't know any spells.
Your spell library was empty.

Dungeon Overview and Level Annotations

Branches:
Dungeon (5/15)              Sewer (1/1)
 Temple: D:4-7

Altars:

Annotations:
D:5 exclusion: ogre


Innate Abilities, Weirdness & Mutations

You have a pair of small antennae on your head.
You sometimes gain a little power by taking damage.


Message History

The quokka splashes around in the water.
The ball python bites you. The ball python misses you.
The ball python hisses angrily.
You miss the quokka.
You hear an angry hiss.
The quokka misses you.
The ball python bites you but does no damage.
The ball python grabs you. The ball python constricts you.
You barely miss the ball python. The quokka bites you.
The ball python loses its grip on you.
An adder comes into view.
The ball python bites you but does no damage.
The ball python grabs you. The ball python constricts you.
The quokka bites you but does no damage.
You escape the ball python's grasp.
The ball python attacks as you move away!
The ball python closely misses you. The quokka attacks as you move away!
The quokka closely misses you.
You hit the ball python.
You kill the ball python!
You closely miss the quokka.
The quokka splashes around in the water.
You miss the adder.
You are starting to lose your buoyancy.
The quokka closely misses you. The adder misses you. The quokka bites you.
* * * LOW HITPOINT WARNING * * *
You miss the adder. The ball python misses you. The ball python grabs you.
The ball python constricts you.
* * * LOW HITPOINT WARNING * * *
The adder bites you but does no damage. The quokka barely misses you.
You barely miss the adder. The ball python barely misses you.
The ball python constricts you. The adder bites you.
* * * LOW HITPOINT WARNING * * *
You are lethally poisoned!
The adder poisons you!
The quokka splashes around in the water.
You barely miss the adder.
* * * LOW HITPOINT WARNING * * *
You feel sick. The ball python bites you.
You die...

##~.~†~####
##.~~~### {
#~~~.##
##~~†##
#~~~~#
##.~~##
#.~~~# #∩.~~#
#.~S@#
##~rS##
#~~.~# ##~~~#
#~~~.#
##~~~.#
##~~.~~
###~~~#######
#~~#~~~.~####


You could see an adder, a quokka and a ball python.

Vanquished Creatures
  2 adders (D:4)
  An orc (D:5)
  3 endoplasms (Sewer)
  3 giant cockroaches (Sewer)
  A kobold (D:4)
  3 quokkas (Sewer)
  5 ball pythons (Sewer)
  3 frilled lizards (Sewer)
21 creatures vanquished.

Notes
Turn   | Place    | Note
-------+----------+-------------------------------------------
     0 | D:5      | Alarkh the Demonspawn Delver began the quest for the Orb.
     0 | D:5      | Reached XP level 1. HP: 18/18 MP: 1/1
    27 | D:5      | Noticed an ogre
   174 | D:4      | Gained mutation: You sometimes gain a little power by
                  | taking damage. [demonic ancestry]
   174 | D:4      | Reached XP level 2. HP: 22/24 MP: 2/2
   202 | D:4      | Found a glowing drain.
   227 | Sewer    | Entered a sewer
   328 | Sewer    | Gained mutation: You have a pair of small antennae on your
                  | head. [demonic ancestry]
   328 | Sewer    | Reached XP level 3. HP: 13/29 MP: 3/3
   507 | Sewer    | HP: 1/29 [poisoned by an adder]
   507 | Sewer    | Slain by a ball python

Illustrated notes

Levels and vault maps discovered:
D:4:      layout_basic, mainiacjoe_overflow_six_doors_small,
          portal_sewer_entry_d, minmay_misc_feat_chi, uniq_crazy_yiuf_cottage
D:5:      layout_loops_corners, uniq_prince_ribbit1, uniq_grinder, uniq_edmund
Sewer:    sewer_frog_island_02

Skill      XL: |  1  2 |
---------------+-------+-----
Unarmed Combat | 2 3 |  3.4
Fighting       | |  3.0
Dodging        | |  1.7
Stealth        | |  4.5

Action                     || total
---------------------------++-------
  Melee: Unarmed           ||   114
         Punch             ||     1
    Use: Potion            ||     4
         Scroll            ||     1
   Stab: Sleeping          ||     3
 Armour: Leather armour    ||    30
  Dodge: Dodged            ||    84
